 Dungeon Crawl Stone Soup version 0.29-a0-378-gc08b2e8bf8 (webtiles) character file.

Game seed: 15719470873694027827

4 Antichthon the Covered (level 1, -13/14 HPs)
             Began as a Gargoyle Fighter on May 5, 2022.
             Killed by an exploding endoplasm (27 damage)
             ... ignited by their inner flame
             ... on level 1 of the Dungeon.
             The game lasted 00:00:14 (253 turns).

Antichthon the Covered (Gargoyle Fighter)            Turns: 253, Time: 00:00:15

Health: -13/14     AC:  9    Str: 19    XL:     1   Next: 60%
Magic:  1/1        EV:  9    Int:  8    God:
Gold:   9          SH:  4    Dex:  9    Spells: 0/0 levels left

rFire   . . .      SeeInvis .   a - +0 flail
rCold   . . .      Faith    .   c - +0 buckler
rNeg    + . .      Spirit   .   b - +0 scale mail
rPois   ∞          Reflect  .   (no helmet)
rElec   +          Harm     .   (no cloak)
rCorr   .          Rampage  .   (no gloves)
Will    .....                   (no boots)
Stlth   ..........              (no amulet)
HPRegen 0.04/turn               (no ring)
MPRegen 0.07/turn               (no ring)

@: weak-willed
A: sickness immunity, AC +2, negative energy resistance 1, electricity
resistance, torment resistance 1, petrification resistance
a: no special abilities


You were on level 1 of the Dungeon.
You visited 1 branch of the dungeon, and saw 1 of its levels.

You collected 9 gold pieces.

Inventory:

Hand Weapons
 a - a +0 flail (weapon)
Armour
 b - a +0 scale mail (worn)
 c - a +0 buckler (worn)
Potions
 d - a potion of might
 e - a potion of cancellation {unknown}
 f - 3 potions of curing {unknown}


   Skills:
 * Level 3.3 Fighting
 * Level 2.0 Maces & Flails
 * Level 3.3 Armour
 * Level 3.3 Shields
 * Level 0.1 Invocations


You couldn't memorise any spells.
You didn't know any spells.
Your spell library was empty.

Dungeon Overview and Level Annotations

Branches:
Dungeon (1/15)

Altars:


Innate Abilities, Weirdness & Mutations

You are immune to sickness and miasma.
Your stone body is resilient. (AC +2)
You are immune to poison.
You resist negative energy. (rN+)
You are resistant to electric shocks. (rElec)
You are resistant to unholy torment.
You are immune to petrification.


Message History

Found a black potion.
A dart slug is nearby!
You block the dart slug's attack.
You see here a black potion.
f - a black potion The dart slug launches a dart at you.
The slug dart hits you.
You hit the dart slug.
The dart slug is moderately wounded.
The dart slug launches a dart at you. The slug dart hits you.
You sock the dart slug!
You kill the dart slug!
You see here a dart slug corpse.
HP restored.
g - a scroll labelled NURCHY QUGOFYUPN
Found a stone staircase leading down.
f - 3 black potions (gained 2)
h - a scroll labelled IWAAGIWNIA
There is a stone staircase leading down here.
You open the door.
There is an open door here.
There is an open door here.
You now have 9 gold pieces.
An endoplasm comes into view.
The endoplasm jiggles.
As you read the scroll labelled NURCHY QUGOFYUPN, it crumbles to dust.
The creatures around you are filled with an inner flame!
It was a scroll of immolation.
As you read the scroll labelled IWAAGIWNIA, it crumbles to dust.
Magic quickly surges around you.
It was a scroll of vulnerability.
The endoplasm closely misses you.
Unknown command.
You hit the endoplasm.
Flame seeps out of the endoplasm.
The endoplasm is severely wounded.
The endoplasm is engulfed in blazing flames.
The endoplasm explodes!
The fiery explosion engulfs you!!
Ouch! That really hurt!
You die...

.# .## ## .. .. #.##
# # ###. ...#.# #.
#... .....# #.
#.#.###§§.####
#..####
#.#...@○§...^.
#.....#
#.#...§#§#.###
#.###.# #.##.#.# .#
#. #.# #.##.#.# #
#.###.###.##.#..
#.....##...#.####.#
###...>.............#
......(......#.######
..##..##.......#


There were no monsters in sight!

Vanquished Creatures
  A dart slug (D:1)
  A ball python (D:1)
  An endoplasm (D:1)
3 creatures vanquished.

Notes
Turn   | Place    | Note
-------+----------+-------------------------------------------
     0 | D:1      | Antichthon the Gargoyle Fighter began the quest for the
                  | Orb.
     0 | D:1      | Reached XP level 1. HP: 14/14 MP: 1/1
   253 | D:1      | Killed by an exploding endoplasm... ignited by their inner
                  | flame

Illustrated notes

Levels and vault maps discovered:
D:1:      minmay_arrival_stair_chambers, layout_loops_ring,
          minmay_misc_feat_plants, palyth_stone_intersect

Action                   || total
-------------------------++-------
Melee: Flail             ||     4
  Use: Scroll            ||     2
Dodge: Dodged            ||     3
Block: Buckler           ||     1

Table legend: (Time is in decaauts)
 A = Elapsed time spent in this place.
 B = Non-inter-level travel time spent in this place.
 C = Inter-level travel time spent in this place.
 D = Time resting spent in this place.
 E = Time spent auto-exploring this place.
 F = Levels seen in this place.
 G = Mean time per level.
                   A        B        C        D        E       F      G
               +--------+--------+--------+--------+--------+-----+--------+
         Total |    254 |    254 |      0 |      0 |    224 |   1 |  254.0 |
       Dungeon |    254 |    254 |      0 |      0 |    224 |   1 |  254.0 |
               +--------+--------+--------+--------+--------+-----+--------+

Top non-repeatable levels by time:
     D:1: 254 daAuts
